PAAA
NAPERVILLE BATTLEKINGS @ ROYSE CITY TARGARYENS
09/14/2022
 
TOP OF THE 1ST
Naperville Battlekings batting - Pitching for Royse City Targaryens : RHP Hirokichi Kichida
Pitching: RHP Hirokichi Kichida
Batting: RHB Scott Peterson 0-0: Ball
1-0: Swinging Strike
1-1: Called Strike
1-2: Foul Ball, location: 2F
1-2: Foul Ball, location: 2F
1-2: Strikes out swinging
Batting: RHB Tony Sánchez 0-0: Called Strike
0-1: Ball
1-1: Foul Ball, location: 2F
1-2: Ball
2-2: Foul Ball, location: 2F
2-2: Strikes out swinging
Batting: RHB Joe Ferneyhough 0-0: Ball
1-0: Fly out, F7 (Line Drive, 7LM)
Top of the 1st over - 0 run(s), 0 hit(s), 0 error(s), 0 left on base; Naperville 0 - Royse City 0
BOTTOM OF THE 1ST
Royse City Targaryens batting - Pitching for Naperville Battlekings : LHP Russ Wood
Pitching: LHP Russ Wood
Batting: RHB Héctor Ruíz 0-0: Ball
1-0: Ball
2-0: Foul Ball, location: 2F
2-1: Foul Ball, location: 2F
2-2: Ball
3-2: Foul Ball, location: 2F
3-2: Base on Balls
Batting: LHB Jerry Wilson 0-0: Ball
Héctor Ruíz steals 2nd base
1-0: Fly out, F4 (Popup, 8RS)
Batting: LHB Jack Schmitt 0-0: Ball
1-0: Fly out, F2 (Popup, 2RF)
Batting: RHB Dave Thompson 0-0: Ball
1-0: Ball
2-0: Ball
3-0: Base on Balls
Batting: RHB Bartolo Martínez 0-0: SINGLE (Line Drive, 7S)
Héctor Ruíz to third
Dave Thompson to second
Runner from 3rd tries for Home, SAFE, no throw or cutoff
Batting: RHB Sancho Balderas 0-0: Ball
1-0: SINGLE (Groundball, 56D) (infield hit)
Dave Thompson to third
Bartolo Martínez to second
Batting: LHB Paul Wilson 0-0: Called Strike
0-1: Foul Ball, location: 2F
0-2: Ball
1-2: Strikes out swinging
Bottom of the 1st over - 1 run(s), 2 hit(s), 0 error(s), 3 left on base; Naperville 0 - Royse City 1
TOP OF THE 2ND
Naperville Battlekings batting - Pitching for Royse City Targaryens : RHP Hirokichi Kichida
Batting: RHB Pedro González 0-0: Foul Ball, location: 2F
0-1: Ball
1-1: Ball
2-1: Ball
3-1: SINGLE (Groundball, 6MD) (infield hit)
Batting: RHB Sal Haynes 0-0: Ball
1-0: SINGLE (Line Drive, 34D)
Pedro González to second
Batting: RHB Carlos Gómez 0-0: Called Strike
0-1: Called Strike
0-2: Strikes out swinging
Batting: RHB Kevin Tyler 0-0: Fly out, F7 (Flyball, 7D)
Runner from 2nd tags up, SAFE at 3rd, no throw
Batting: RHB Tim Little 0-0: Foul Ball, location: 2F
0-1: Ground out 4-3 (Groundball, 4)
Top of the 2nd over - 0 run(s), 2 hit(s), 0 error(s), 2 left on base; Naperville 0 - Royse City 1
BOTTOM OF THE 2ND
Royse City Targaryens batting - Pitching for Naperville Battlekings : LHP Russ Wood
Batting: LHB Shang-de Zhang 0-0: Ground out U3 (Groundball, 3S)
Batting: RHB Andrew Weeks 0-0: Called Strike
0-1: Fly out, F7 (Flyball, 78M)
Batting: RHB Héctor Ruíz 0-0: Ball
1-0: Called Strike
1-1: Ground out 5-3 (Groundball, 5L)
Bottom of the 2nd over - 0 run(s), 0 hit(s), 0 error(s), 0 left on base; Naperville 0 - Royse City 1
TOP OF THE 3RD
Naperville Battlekings batting - Pitching for Royse City Targaryens : RHP Hirokichi Kichida
Batting: LHB Alfonso Martínez 0-0: Ball
1-0: Ball
2-0: DOUBLE (Line Drive, 9LS)
Batting: RHB Scott Peterson 0-0: Swinging Strike
0-1: Ball
1-1: Called Strike
1-2: Ball
2-2: Ball
3-2: Fly out, F4 (Popup, 34D)
Batting: RHB Tony Sánchez 0-0: Ball
1-0: Foul Ball, location: 2F
1-1: Foul Ball, location: 2F
1-2: Strikes out swinging
Batting: RHB Joe Ferneyhough 0-0: Fly out, F8 (Flyball, 8RS)
Top of the 3rd over - 0 run(s), 1 hit(s), 0 error(s), 1 left on base; Naperville 0 - Royse City 1
BOTTOM OF THE 3RD
Royse City Targaryens batting - Pitching for Naperville Battlekings : LHP Russ Wood
Batting: LHB Jerry Wilson 0-0: Foul Ball, location: 2F
0-1: Swinging Strike
0-2: Ball
1-2: Foul Ball, location: 2F
1-2: Fly out, F9 (Flyball, 89XD)
Batting: LHB Jack Schmitt 0-0: Ball
1-0: Ball
2-0: Ball
3-0: Base on Balls
Batting: RHB Dave Thompson 0-0: Called Strike
0-1: Ball
1-1: Ball
2-1: Ball
3-1: Called Strike
Reached via error on a dropped throw, E3
Jack Schmitt to second
Batting: RHB Bartolo Martínez 0-0: Foul Ball, location: 2F
0-1: Ball
1-1: Foul Ball, location: 2F
1-2: Ball
2-2: Fly out, F9 (Flyball, 9M)
Batting: RHB Sancho Balderas 0-0: Ball
1-0: Foul Ball, location: 2F
1-1: Ball
2-1: Ground out 6-3 (Groundball, 6)
Bottom of the 3rd over - 0 run(s), 0 hit(s), 1 error(s), 2 left on base; Naperville 0 - Royse City 1
TOP OF THE 4TH
Naperville Battlekings batting - Pitching for Royse City Targaryens : RHP Hirokichi Kichida
Batting: RHB Pedro González 0-0: Ball
1-0: Foul Ball, location: 2F
1-1: Fly out, F8 (Flyball, 8LS)
Batting: RHB Sal Haynes 0-0: Ball
1-0: Ground out 5-3 (Groundball, 5)
Batting: RHB Carlos Gómez 0-0: Called Strike
0-1: Ball
1-1: Swinging Strike
1-2: Ball
2-2: Foul Ball, location: 2F
2-2: Ball
3-2: Strikes out swinging
Top of the 4th over - 0 run(s), 0 hit(s), 0 error(s), 0 left on base; Naperville 0 - Royse City 1
BOTTOM OF THE 4TH
Royse City Targaryens batting - Pitching for Naperville Battlekings : LHP Russ Wood
Batting: LHB Paul Wilson 0-0: Called Strike
0-1: SINGLE (Line Drive, 4D)
Batting: LHB Shang-de Zhang 0-0: Called Strike
0-1: Ball
1-1: Called Strike
1-2: Fly out, F8 (Flyball, 8RD)
Batting: RHB Andrew Weeks 0-0: Swinging Strike
0-1: Swinging Strike
0-2: Ball
1-2: Ball
2-2: Strikes out looking
Batting: RHB Héctor Ruíz 0-0: Ball
1-0: Called Strike
1-1: SINGLE (Groundball, 56)
Paul Wilson to second
Batting: LHB Jerry Wilson 0-0: Ball
1-0: SINGLE (Flyball, 7M)
Paul Wilson to third
Héctor Ruíz to second
Runner from 3rd tries for Home, SAFE, no throw or cutoff
Batting: LHB Jack Schmitt 0-0: Ground out 5-3 (Groundball, 56)
Bottom of the 4th over - 1 run(s), 3 hit(s), 0 error(s), 2 left on base; Naperville 0 - Royse City 2
TOP OF THE 5TH
Naperville Battlekings batting - Pitching for Royse City Targaryens : RHP Hirokichi Kichida
Batting: RHB Kevin Tyler 0-0: Ball
1-0: Ground out 1-3 (Groundball, 13S)
Batting: RHB Tim Little 0-0: Ball
1-0: Foul Ball, location: 2F
1-1: Ball
2-1: Ball
3-1: Base on Balls
Batting: LHB Alfonso Martínez 0-0: Fielders Choice at 2nd, 4-6 (Groundball, 4)
Batting: RHB Scott Peterson 0-0: Called Strike
0-1: Ball
1-1: Swinging Strike
1-2: Strikes out looking
Top of the 5th over - 0 run(s), 0 hit(s), 0 error(s), 1 left on base; Naperville 0 - Royse City 2
BOTTOM OF THE 5TH
Royse City Targaryens batting - Pitching for Naperville Battlekings : LHP Russ Wood
Batting: RHB Dave Thompson 0-0: Ball
1-0: Called Strike
1-1: Swinging Strike
1-2: Fly out, F8 (Flyball, 8RXD)
Batting: RHB Bartolo Martínez 0-0: Ball
1-0: Ground out 6-3 (Groundball, 6)
Batting: RHB Sancho Balderas 0-0: Ball
1-0: Called Strike
1-1: Ball
2-1: Foul Ball, location: 2F
2-2: Ball
3-2: Base on Balls
Batting: LHB Paul Wilson 0-0: Called Strike
0-1: Ground out 1-3 (Groundball, 25)
Bottom of the 5th over - 0 run(s), 0 hit(s), 0 error(s), 1 left on base; Naperville 0 - Royse City 2
TOP OF THE 6TH
Naperville Battlekings batting - Pitching for Royse City Targaryens : RHP Hirokichi Kichida
Batting: RHB Tony Sánchez 0-0: Called Strike
0-1: Ball
1-1: Fly out, F7 (Line Drive, 7M)
Batting: RHB Joe Ferneyhough 0-0: Ball
1-0: Ball
2-0: Ball
3-0: Base on Balls
Batting: RHB Pedro González 0-0: Ball
1-0: Called Strike
1-1: Ball
2-1: Ball
3-1: Called Strike
3-2: Base on Balls
Joe Ferneyhough to second
Batting: RHB Sal Haynes 0-0: Foul Ball, location: 2F
0-1: Ball
1-1: Grounds into double play, 6-4-3 (Groundball, 56)
Top of the 6th over - 0 run(s), 0 hit(s), 0 error(s), 1 left on base; Naperville 0 - Royse City 2
BOTTOM OF THE 6TH
Royse City Targaryens batting - Pitching for Naperville Battlekings : LHP Russ Wood
Batting: LHB Shang-de Zhang 0-0: Swinging Strike
0-1: Foul Ball, location: 2F
0-2: Foul Ball, location: 2F
0-2: Ball
1-2: Ball
2-2: Ball
3-2: Foul Ball, location: 2F
3-2: Foul Ball, location: 2F
3-2: Ground out 4-3 (Groundball, 4)
Batting: RHB Andrew Weeks 0-0: Ball
1-0: SINGLE (Groundball, 6S)
Batting: RHB Héctor Ruíz 0-0: SINGLE (Groundball, 56D)
Andrew Weeks to second
Batting: LHB Jerry Wilson 0-0: Fielders Choice at 2nd, 4-6 (Groundball, 4)
Andrew Weeks to third
Batting: LHB Jack Schmitt 0-0: Ball
1-0: Called Strike
1-1: Ball
2-1: Called Strike
2-2: Fly out, F8 (Flyball, 8RS)
Bottom of the 6th over - 0 run(s), 2 hit(s), 0 error(s), 2 left on base; Naperville 0 - Royse City 2
TOP OF THE 7TH
Naperville Battlekings batting - Pitching for Royse City Targaryens : RHP Hirokichi Kichida
Batting: RHB Carlos Gómez 0-0: Called Strike
0-1: Ball
1-1: Ball
2-1: Ball
3-1: Ground out 6-3 (Groundball, 6)
Batting: RHB Kevin Tyler 0-0: Called Strike
0-1: Ball
1-1: Called Strike
1-2: Ball
2-2: Ball
3-2: Strikes out looking
Batting: RHB Tim Little 0-0: Called Strike
0-1: Ball
1-1: Foul Ball, location: 2F
1-2: Fly out, F6 (Line Drive, 56D)
Top of the 7th over - 0 run(s), 0 hit(s), 0 error(s), 0 left on base; Naperville 0 - Royse City 2
BOTTOM OF THE 7TH
Royse City Targaryens batting - Pitching for Naperville Battlekings : LHP Russ Wood
Batting: RHB Dave Thompson 0-0: Foul Ball, location: 2F
0-1: Ball
1-1: Ball
2-1: Ball
3-1: Called Strike
3-2: DOUBLE (Line Drive, 8RS)
Batting: RHB Bartolo Martínez 0-0: Intentional Walk
Pitching: LHP Jason Puckett
Batting: RHB Sancho Balderas 0-0: Called Strike
0-1: Bunted foul
0-2: Ball
1-2: Ball
2-2: Fielders Choice at 3rd, U5 (Groundball, 5L)
Bartolo Martínez to second
Pinch Hitting: LHB Fernando Ramírez 0-0: Called Strike
0-1: Called Strike
0-2: Strikes out swinging
Pinch Hitting: RHB Henry Jones 0-0: Ball
1-0: Foul Ball, location: 2F
1-1: Foul Ball, location: 2F
1-2: Foul Ball, location: 2F
1-2: Strikes out swinging
Bottom of the 7th over - 0 run(s), 1 hit(s), 0 error(s), 2 left on base; Naperville 0 - Royse City 2
TOP OF THE 8TH
Naperville Battlekings batting - Pitching for Royse City Targaryens : RHP Hirokichi Kichida
Pitching: LHP Dan Boyle
Now at 3B: Henry Jones
Now in RF: Robbie Anderson
Batting: LHB Alfonso Martínez 0-0: Called Strike
0-1: SINGLE (Groundball, 34)
Pitching: RHP John Watson
Batting: RHB Scott Peterson 0-0: Ball
1-0: Called Strike
1-1: Called Strike
1-2: Strikes out swinging
Batting: RHB Tony Sánchez 0-0: Ball
1-0: Called Strike
1-1: Ball
2-1: Ball
3-1: Base on Balls
Alfonso Martínez to second
Batting: RHB Joe Ferneyhough 0-0: Fly out, F8 (Popup, 6MD)
Batting: RHB Pedro González 0-0: SINGLE (Groundball, 56D)
Alfonso Martínez to third
Tony Sánchez to second
Runner from 3rd tries for Home, SAFE, no throw or cutoff
Pinch Hitting: RHB Earnest Veeck 0-0: Foul Ball, location: 2F
0-1: 3-RUN HOME RUN (Flyball, 89XD), Distance : 366 ft
Pitching: RHP César Vatgos
Batting: RHB Carlos Gómez 0-0: Ball
1-0: Ball
2-0: Called Strike
2-1: Ball
3-1: Fly out, F6 (Line Drive, 6)
Top of the 8th over - 4 run(s), 3 hit(s), 0 error(s), 0 left on base; Naperville 4 - Royse City 2
BOTTOM OF THE 8TH
Royse City Targaryens batting - Pitching for Naperville Battlekings : LHP Jason Puckett
Now at SS: Otso Tuulari
Batting: RHB Andrew Weeks 0-0: Ball
1-0: Foul Ball, location: 2F
1-1: SINGLE (Line Drive, 4D)
Pitching: RHP Colt Harris
Batting: RHB Héctor Ruíz 0-0: Foul Ball, location: 2F
0-1: Called Strike
0-2: Ball
1-2: Strikes out swinging
Pitching: RHP Carl O'Malloy
Batting: LHB Jerry Wilson 0-0: Ball
1-0: Called Strike
1-1: Ground out 3-1 (Groundball, 34S)
Andrew Weeks to second
Batting: LHB Jack Schmitt 0-0: Swinging Strike
0-1: Ball
1-1: Foul Ball, location: 2F
1-2: Ground out 4-3 (Groundball, 4)
Bottom of the 8th over - 0 run(s), 1 hit(s), 0 error(s), 1 left on base; Naperville 4 - Royse City 2
TOP OF THE 9TH
Naperville Battlekings batting - Pitching for Royse City Targaryens : RHP César Vatgos
Batting: RHB Kevin Tyler 0-0: Ball
1-0: Fly out, F7 (Flyball, 78S)
Batting: RHB Tim Little 0-0: Foul Ball, location: 2F
0-1: Called Strike
0-2: Foul Ball, location: 2F
0-2: Foul Ball, location: 2F
0-2: Strikes out swinging
Batting: LHB Alfonso Martínez 0-0: Ball
1-0: Ball
2-0: Called Strike
2-1: Foul Ball, location: 2F
2-2: Strikes out swinging
Top of the 9th over - 0 run(s), 0 hit(s), 0 error(s), 0 left on base; Naperville 4 - Royse City 2
BOTTOM OF THE 9TH
Royse City Targaryens batting - Pitching for Naperville Battlekings : RHP Carl O'Malloy
Pitching: LHP Motoyuki Nakamura
Batting: RHB Dave Thompson 0-0: Ball
1-0: Ball
2-0: Foul Ball, location: 2F
2-1: Swinging Strike
2-2: Ball
3-2: Foul Ball, location: 2F
3-2: Strikes out looking
Batting: RHB Bartolo Martínez 0-0: Fly out, F6 (Line Drive, 6M)
Batting: RHB Sancho Balderas 0-0: Ball
1-0: Ball
2-0: Swinging Strike
2-1: Swinging Strike
2-2: Foul Ball, location: 2F
2-2: Foul Ball, location: 2F
2-2: Ball
3-2: Base on Balls
Batting: SHB Robbie Anderson 0-0: Ball
1-0: Foul Ball, location: 2F
1-1: Ball
2-1: Called Strike
2-2: Strikes out swinging
Bottom of the 9th over - 0 run(s), 0 hit(s), 0 error(s), 1 left on base; Naperville 4 - Royse City 2
This league is powered by Out of the Park Baseball, the baseball management simulation game for PC, Mac and Linux
Friday, April 15th, 2016 - OOTP Baseball 16.9 Build 39